 Dungeon Crawl Stone Soup version 0.23.2-40-g277498a001 (webtiles) character file.

Game seed: 6043843095754700843

320 BinkBink the Conjurer (level 6, -4/48 HPs)
             Began as a Deep Elf Conjurer on Aug 16, 2019.
             Was an Initiate of Sif Muna.
             Slain by a wyvern skeleton (9 damage)
             ... on level 5 of the Dungeon.
             The game lasted 00:13:48 (4499 turns).

BinkBink the Conjurer (Deep Elf Conjurer)           Turns: 4499, Time: 00:13:49

Health: -4/48      AC: 23    Str:  6 (8)  XL:     6   Next: 22%
Magic:  10/17      EV:  2    Int: 24 (25) God:    Sif Muna [......]
Gold:   206        SH:  0    Dex: 10 (13) Spells: 10/16 levels left

rFire    . . .     SeeInvis .   o - +2 dagger (distort)
rCold    . . .     Gourm    .   (no shield)
rNeg     + + +     Faith    .   (armour currently unavailable)
rPois    +         Spirit   .   (helmet currently unavailable)
rElec    .         Reflect  .   (cloak currently unavailable)
rCorr    .         Harm     .   (gloves currently unavailable)
MR       .....     NoTele   +   (boots currently unavailable)
Stlth    ++........             (no amulet)
HPRegen  0.16/turn              d - ring of wizardry
MPRegen  0.15/turn              w - +3 ring of intelligence

@: mighty, tree-form
A: clumsy 1, high mp 1, weak 1, wild magic 1
a: Renounce Religion


You were on level 5 of the Dungeon.
You worshipped Sif Muna.
Sif Muna was noncommittal.
You were hungry.
You were a tree.
You visited 1 branch of the dungeon, and saw 5 of its levels.

You collected 206 gold pieces.

Inventory:

Hand Weapons
 o - a +2 dagger of distortion (weapon)
 u - a +4 blowgun
Missiles
 s - 41 poisoned needles
 t - 6 needles of confusion
Armour
 a - a +0 robe (melded)
 q - a +1 pair of gloves (melded)
Jewellery
 d - a ring of wizardry (left branch)
 w - a +3 ring of intelligence (right branch)
Wands
 r - a wand of acid (7)
 y - a wand of digging (6)
Scrolls
 e - 2 scrolls of magic mapping {unknown}
 f - 4 scrolls of identify {unknown}
 i - 4 scrolls of enchant armour {unknown}
 j - 2 scrolls of blinking {unknown}
 k - a scroll of fog {unknown}
 m - 4 scrolls of remove curse {unknown}
 n - a scroll of teleportation {unknown}
 p - a scroll of noise {unknown}
 v - a scroll of immolation {unknown}
 z - a scroll of enchant weapon {unknown}
Potions
 b - a potion of lignification
 h - a potion of agility {unknown}
 x - a potion of degeneration
 A - a potion of haste {unknown}
 B - a potion of invisibility {unknown}
 C - a potion of curing {unknown}
Comestibles
 c - 8 rations


   Skills:
 + Level 2.9 Dodging
 + Level 4.0 Stealth
 + Level 5.5 Spellcasting
 + Level 6.5 Conjurations


You had 10 spell levels left.
You knew the following spells:

 Your Spells              Type           Power        Failure   Level  Hunger
a - Magic Dart            Conj           ####         1%          1    None
b - Iskenderun's Mystic   Conj           #####...     3%          4    ###....
c - Apportation           Tloc           #.....       5%          1    None

Your spell library contained the following spells:

 Spells                   Type           Power        Failure   Level  Hunger
 Searing Ray              Conj           #####.       1%          2    None
 Dazzling Spray           Conj/Hex       ####..       4%          3    #......
 Animate Skeleton         Necr           N/A          5%          1    None
 Confusing Touch          Hex            #.....       5%          1    None
 Summon Small Mammal      Summ           #...         5%          1    None
 Force Lance              Conj/Tloc      ####....     12%         4    ###....
 Fulminant Prism          Conj/Hex       ####......   12%         4    ###....


Dungeon Overview and Level Annotations

Branches:
Dungeon (5/15)
 Temple: D:4-7

Altars:
Ashenzari
Hepliaklqana
Sif Muna

Shops:
D:5 =


Innate Abilities, Weirdness & Mutations

You are clumsy. (Dex -2)
You have an increased reservoir of magic. (+10% MP)
You are weak. (Str -2)
Your spells are a little harder to cast, but a little more powerful.


Message History

The wyvern skeleton bites you!
* * * LOW HITPOINT WARNING * * *
It was a potion of degeneration.
There was something very wrong with that liquid.
You feel weakened.
You feel dopey.
You feel clumsy.
The wyvern skeleton barely misses you. x2
It was a potion of lignification.
You turn into a tree.
Your +1 pair of gloves melds into your body.
Your +0 robe melds into your body.
Your roots penetrate the ground.
The wyvern skeleton bites you.
* * * LOW HITPOINT WARNING * * *
It was a potion of mutation.
You feel extremely strange.
You feel clumsy.
You feel weaker.
You feel less in control of your magic.
You feel more energetic.
The wyvern skeleton bites you but does no damage.
It was a potion of might.
You feel very mighty all of a sudden.
The wyvern skeleton completely misses you.
The wyvern skeleton bites you!
You die...

## .. # #. ## ##. ####
####. .∩ ..# #...# #.
#.# #.##.
.#####.###.#########.###
......Z♣........##....[.
#######.##.####.##.#.###
#.##.# #.##.#.# #?##.##
#.##.#.### ...#..#
#.##.#.... .P.##<#
#.##.##### #... #.#
#.##.##.##
##.###.###.##.#...#
#...............


You could see a wyvern skeleton.

Vanquished Creatures
  A scorpion (D:4)
  3 worker ants
  A hound skeleton (D:4)
  A howler monkey skeleton (D:4)
  6 gnolls
  4 adders
  2 worms
  2 dart slugs
  5 leopard geckos
  4 orcs (D:5)
  5 bats
  3 giant cockroaches
  7 hobgoblins
  4 jackals (D:5)
  11 kobolds
  2 quokkas (D:5)
  2 ball pythons (D:2)
  7 frilled lizards
  3 goblins
  A jackal skeleton (D:4)
  4 rats
78 creatures vanquished.

Notes
Turn   | Place    | Note
-------+----------+-------------------------------------------
     0 | D:1      | BinkBink the Deep Elf Conjurer began the quest for the Orb.
     0 | D:1      | Reached XP level 1. HP: 10/10 MP: 6/6
   214 | D:1      | Reached XP level 2. HP: 15/15 MP: 6/8
   283 | D:1      | Reached skill level 5 in Conjurations
   455 | D:1      | You fall through a shaft!
   476 | D:2      | Reached XP level 3. HP: 19/19 MP: 3/9
  1915 | D:3      | Reached XP level 4. HP: 12/24 MP: 5/11
  2299 | D:2      | Learned a level 4 spell: Iskenderun's Mystic Blast
  2301 | D:2      | Learned a level 1 spell: Apportation
  2853 | D:3      | Found a shattered altar of Ashenzari.
  3021 | D:4      | Reached skill level 6 in Conjurations
  3021 | D:4      | Reached XP level 5. HP: 28/28 MP: 6/13
  3331 | D:4      | Reached skill level 5 in Spellcasting
  3625 | D:4      | Found a deep blue altar of Sif Muna.
  3625 | D:4      | Found a hazy altar of Hepliaklqana.
  3634 | D:4      | Became a worshipper of Sif Muna the Loreminder
  3875 | D:5      | Entered Level 5 of the Dungeon
  3889 | D:5      | Reached XP level 6. HP: 29/32 MP: 4/16
  4488 | D:5      | Found Mummyinne's Jewellery Shop.
  4498 | D:5      | Gained mutation: You are clumsy. (Dex -2) [potion of
                  | mutation]
  4498 | D:5      | Gained mutation: You are weak. (Str -2) [potion of
                  | mutation]
  4498 | D:5      | Gained mutation: Your spells are a little harder to cast,
                  | but a little more powerful. [potion of mutation]
  4498 | D:5      | Gained mutation: You have an increased reservoir of magic.
                  | (+10% MP) [potion of mutation]
  4499 | D:5      | Slain by a wyvern skeleton

Skill      XL: |  1  2  3  4  5  6 |
---------------+-------------------+-----
Conjurations   | 5 6 |  6.5
Spellcasting   | 4 5 |  5.5
Stealth        | 3 4 |  4.0
Dodging        | |  2.9

Action                   |  1- 3 |  4- 6 || total
-------------------------+-------+-------++-------
 Cast: Magic Dart        |    75 |   115 ||   190
       Iskenderun's Myst |       |     5 ||     5
  Use: Potion            |       |     4 ||     4
  Eat: Chunk             |     2 |     5 ||     7
       Ration            |       |     1 ||     1
Armor: Robe              |     1 |     3 ||     4
       Skin              |       |     1 ||     1
Dodge: Dodged            |     6 |    21 ||    27
